 Dungeon Crawl Stone Soup version 0.15-a0-1119-g9b3a599 (webtiles) character file.

66 Amnesiac the Cutter (level 4, -1/27 HPs)
             Began as a Halfling Enchanter on May 29, 2014.
             Slain by a gnoll
             ... wielding a +0,+0 spear
              (2 damage)
             ... on Level 5 of the Dungeon.
             The game lasted 00:03:13 (1091 turns).

Amnesiac the Cutter (Halfling Enchanter)            Turns: 1091, Time: 00:03:13

HP  -1/27        AC  3     Str  5      XL: 4   Next: 37%
MP   3/6         EV 15     Int 16      God:
Gold 40          SH  0     Dex 16      Spells:  3 memorised,  0 levels left

rFire  . . .     SeeInvis .     i - +0,+1 dagger (drain)
rCold  . . .     Clarity  .     b - +1 robe
rNeg   . . .     rCorr    .     (no shield)
rPois  .         rRot     .     (no helmet)
rElec  .         Spirit   .     (no cloak)
SustAb .         Warding  .     (no gloves)
rMut   .         Stasis   .     (no boots)
Gourm  .                        (no amulet)
MR     .....                    (no ring)
                                (no ring)

@: very slightly contaminated, not resistant to hostile enchantments, unstealthy
A: mutation resistance 1
a: no special abilities


You were on level 5 of the Dungeon.
You were not hungry.

You visited 1 branch of the dungeon, and saw 5 of its levels.

You collected 40 gold pieces.

Inventory:

Hand weapons
 a - a +1,+1 dagger
 g - a +0,+2 mace of protection
 i - a +0,+1 dagger of draining (weapon)
Missiles
 d - 12 darts (quivered)
 l - 12 poisoned needles
Armour
 b - a +1 robe (worn)
Comestibles
 f - 3 bread rations
 k - 10 fruits
 m - a meat ration
Scrolls
 e - a scroll of remove curse
 j - a scroll of amnesia {unknown}
 n - a scroll of identify {unknown}
Potions
 h - a potion of curing
Books
 c - a book of Maledictions

   Spells                             Type                      Level
   *Corona                            Hexes                        1
   Sure Blade                         Hexes/Charms                 2
   *Ensorcelled Hibernation           Hexes/Ice                    2
   *Confuse                           Hexes                        3
   Dazzling Spray                     Conjuration/Hexes            3
   Enslavement                        Hexes                        4


   Skills:
 + Level 5.2 Short Blades
 - Level 1.3 Throwing
 - Level 2.1 Dodging
 - Level 2.0 Stealth
 - Level 1.5 Spellcasting
 - Level 2.6 Hexes


You couldn't memorise any spells.
You knew the following spells:

 Your Spells              Type           Power        Failure   Level  Hunger
a - Corona                Hex            #......      10%         1    ##.....
f - Confuse               Hex            #.......     21%         3    ####...
z - Ensorcelled Hibernat  Hex/Ice        #.....       21%         2    ###....


Dungeon Overview and Level Annotations

Branches:
Dungeon (5/15)
 Temple: D:4-7

Altars:
Kikubaaqudgha

Annotations:
D:2 Ijyb
D:4 Edmund


Innate Abilities, Weirdness & Mutations

You are small and have problems with some larger weapons.
You are somewhat resistant to further mutation.


Message History

You feel better.
The worker ant zombie closely misses you.
The gnoll hits you but does no damage. The gnoll hits you with a spear!
* * * LOW HITPOINT WARNING * * *
The gnoll misses you.
You hit the gnoll.
The gnoll is moderately wounded.
The worker ant zombie barely misses you.
The gnoll barely misses you. The gnoll misses you.
The gnoll hits you with a spear.
* * * LOW HITPOINT WARNING * * *
You hit the gnoll but do no damage. You drain the gnoll!
The gnoll is moderately wounded.
The worker ant zombie bites you but does no damage.
The gnoll hits you.
* * * LOW HITPOINT WARNING * * *
You hit the gnoll.
The gnoll is severely wounded.
The gnoll closely misses you. The gnoll hits you with a spear.
You die...

### ..# #.#
#)..######g###
#......Z@g.#
#...######g#.#
#.# # ..# ..#
#..# #... ....
#..


You could see 3 gnolls and a worker ant zombie.

Vanquished Creatures
  Jessica (D:2)
  4 orcs (D:3)
  8 bats
  3 giant cockroaches (D:1)
  2 goblins
  11 hobgoblins
  A giant gecko (D:3)
  3 giant newts (D:1)
  4 kobolds
  A quokka (D:2)
  8 rats
46 creatures vanquished.

Notes
Turn   | Place    | Note
--------------------------------------------------------------
     0 | D:1      | Amnesiac, the Halfling Enchanter, began the quest for the Orb.
     0 | D:1      | Reached XP level 1. HP: 11/11 MP: 2/2
   185 | D:1      | Reached XP level 2. HP: 17/17 MP: 3/3
   189 | D:1      | Learned a level 2 spell: Ensorcelled Hibernation
   293 | D:1      | Reached skill level 3 in Short Blades
   501 | D:1      | Reached XP level 3. HP: 21/21 MP: 5/5
   735 | D:2      | Found an ancient bone altar of Kikubaaqudgha.
   748 | D:2      | Reached skill level 4 in Short Blades
   785 | D:2      | Noticed Ijyb
   911 | D:2      | Noticed Jessica
   916 | D:2      | Killed Jessica
   916 | D:2      | Reached XP level 4. HP: 27/27 MP: 6/6
   921 | D:2      | Learned a level 3 spell: Confuse
   947 | D:3      | Reached skill level 5 in Short Blades
  1039 | D:4      | Noticed Edmund
  1078 | D:5      | Entered Level 5 of the Dungeon
  1090 | D:5      | HP: 1/27 [gnoll (1)]
  1091 | D:5      | Slain by a gnoll

Action                   |  1- 3 |  4- 6 || total
-------------------------+-------+-------++-------
Melee: Mace              |    30 |       ||    30
       Dagger            |    67 |    37 ||   104
 Cast: Confuse           |       |     1 ||     1
  Use: Potion            |       |     2 ||     2
       Scroll            |       |     1 ||     1
 Stab: Sleeping          |     2 |     2 ||     4
       Confused          |       |     1 ||     1
